 Dungeon Crawl Stone Soup version 0.21-a0-529-g8c7b3f5 (webtiles) character file.

188 Amnesiac the Magician (level 5, -1/28 HPs)
             Began as a Deep Elf Wizard on Dec 12, 2017.
             Slain by a worker ant (5 damage)
             ... on level 4 of the Dungeon.
             The game lasted 00:05:45 (2894 turns).

Amnesiac the Magician (Deep Elf Wizard)             Turns: 2894, Time: 00:05:46

Health: -1/28      AC:  2    Str:  4    XL:     5   Next: 39%
Magic:  11/14      EV: 15    Int: 24    God:
Gold:   109        SH:  0    Dex: 13    Spells: 2/13 levels left

rFire    . . .     SeeInvis .   a - +0 hunting sling
rCold    . . .     Gourm    .   (no shield)
rNeg     . . .     Faith    .   s - +0 robe
rPois    +         Spirit   .   e - +0 hat
rElec    .         Reflect  .   (no cloak)
rCorr    .         Harm     .   (no gloves)
MR       .....                  (no boots)
Stlth    ++........             (no amulet)
HPRegen  0.00/turn              n - ring of poison resistance
MPRegen  0.14/turn              (no ring)

@: very slightly contaminated, drained
A: horns 1, repulsion field 1, frail 1, inhibited regeneration
a: no special abilities


You were on level 4 of the Dungeon.
You were not hungry.

You visited 1 branch of the dungeon, and saw 4 of its levels.

You collected 109 gold pieces.

Inventory:

Hand Weapons
 a - a +0 hunting sling (weapon)
 b - a +2 dagger of electrocution
Missiles
 r - 14 sling bullets (quivered)
Armour
 e - a +0 hat (worn)
 s - a +0 robe (worn)
Jewellery
 n - a ring of poison resistance (left hand)
Scrolls
 g - 2 scrolls of identify {!r}
 j - a scroll of remove curse {!r}
 k - a scroll of blinking {!r, unknown}
 l - a scroll of random uselessness {!r, unknown}
 m - a scroll of magic mapping {!r, unknown}
 o - a scroll of amnesia {!r, unknown}
 p - 2 scrolls of teleportation {!r, unknown}
 w - a scroll of fog {!r, unknown}
 x - 2 scrolls of enchant armour {!r, unknown}
 y - a scroll of fear {!r, unknown}
Potions
 h - a potion of magic {!q}
 i - a potion of mutation {!q}
 t - a potion of berserk rage {!q, unknown}
 u - a potion of agility {!q, unknown}
 v - a potion of lignification {!q, unknown}
 z - a potion of flight {!q}
Books
 c - a book of Minor Magic

   Spells                             Type                      Level
   a - Magic Dart                     Conjuration                  1
   b - Blink                          Translocation                2
   c - Call Imp                       Summoning                    2
   d - Slow                           Hexes                        2
   e - Conjure Flame                  Conjuration/Fire             3
   f - Mephitic Cloud                 Conjuration/Poison/Air       3
Comestibles
 d - 3 bread rations
 f - 4 fruits
 A - 2 chunks of flesh


   Skills:
 * Level 3.5(3.2) Fighting
 + Level 3.6(3.3) Dodging
 - Level 2.4(2.1) Stealth
 + Level 4.7(4.4) Spellcasting
 * Level 1.8(1.5) Conjurations
 - Level 1.1(0.8) Summonings
 - Level 1.1(0.8) Translocations


You had 2 spell levels left.
You knew the following spells:

 Your Spells              Type           Power        Failure   Level  Hunger
a - Magic Dart            Conj           ##..         4%          1    None
b - Call Imp              Summ           #.......     10%         2    None
e - Mephitic Cloud        Conj/Pois/Air  #.......     22%         3    ##.....
s - Conjure Flame         Conj/Fire      #.......     21%         3    ##.....
v - Blink                 Tloc           N/A          10%         2    None


Dungeon Overview and Level Annotations

Branches:
Dungeon (4/15)
 Temple: D:4-7

Altars:
Ashenzari
Elyvilon
Gozag
Hepliaklqana
Makhleb
Nemelex Xobeh
Uskayaw


Innate Abilities, Weirdness & Mutations

You have a pair of small horns on your head.
You are surrounded by a mild repulsion field. (EV +2)
You are frail. (-10% HP)
You do not regenerate when monsters are visible.


Message History

Okay, then.
The worker ant twitches its antennae in your direction.
Really read
g - 3 scrolls labeled UZEENE JYET {!r}?
As you read the scroll labeled UZEENE JYET {!r}, it crumbles to dust.
It is a scroll of identify.
z - a potion of flight {!q} The orc hits you.
* * * LOW HITPOINT WARNING * * *
Really quaff
i - 2 bubbling emerald potions {!q}?
It was a potion of mutation {!q}.
You feel extremely strange.
You feel frail.
You begin to radiate repulsive energy.
Your regeneration stops near monsters.
A pair of horns grows on your head! The orc misses you.
Really quaff
h - 2 grey potions {!q}?
It was a potion of magic {!q}.
Magic courses through your body. The orc closely misses you.
Okay, then.
Really quaff
q - a silvery potion {!q}?
It was a potion of curing {!q}.
You feel better. The orc barely misses you.
Casting: Call Imp
Confirm with . or Enter, or press ? or * to list all spells.
Aiming: Mephitic Cloud
Press: ? - help, Shift-Dir - straight line, f/p - orc
Aim: an orc, wearing a scale mail (moderately wounded)
You miscast Mephitic Cloud.
You are under the weather.
The orc misses you.
Really read
j - 2 scrolls labeled YCLIZI BELEJO {!r}?
As you read the scroll labeled YCLIZI BELEJO {!r}, it crumbles to dust.
You feel blessed for a moment.
It was a scroll of remove curse {!r}.
The orc barely misses you. The worker ant bites you.
* * * LOW HITPOINT WARNING * * *
The orc barely misses you. The orc misses you.
Your crimson imp disappears in a puff of smoke!
The rain has left you waist-deep in water!
Splash!
You fall into the shallow water.
Moving in this stuff is going to be slow.
Found a white marble altar of Elyvilon.
Found 16 arrows.
The frilled lizard misses you.
The worker ant waves its antennae.
Found 9 gold pieces.
A hound comes into view.
Found 10 gold pieces.
Found a trident.
Found a stone staircase leading up.
The worker ant barely misses you.
Casting: Mephitic Cloud
Confirm with . or Enter, or press ? or * to list all spells.
Aiming: Mephitic Cloud
Press: ? - help, Shift-Dir - straight line, f/p - orc
Aim: an orc, wearing a scale mail (lightly wounded)
The ball explodes into a vile cloud!
The stinking cloud engulfs the worker ant.
The stinking cloud engulfs you!
The hound barks!
You hear an angry hiss.
The worker ant is engulfed in noxious fumes.
The worker ant completely misses you.
Unknown command.
The worker ant is engulfed in noxious fumes.
There is a stone staircase leading up here.
The worker ant is engulfed in noxious fumes.
The worker ant bites you.
You die...

........≈§##§§§..
.♣._.♣....#######..
...r....#.# ## #..
..♣..≈#..# .# #..
≈...≈ #o##.$####!.
#...###..#....##..
#...##........##..
#..# ##...........
#@.# #...........
####.a####...........
#..$.§§l....##.......
.........§.#..# ...#
..#......oh.........
. #.........#....# .
#.............#.#
#.............##...
............#.# $.


You could see a hound, a worker ant, an orc, a frilled lizard and a neutral
quokka (wandering).

Vanquished Creatures
  An orc wizard (D:3)
  A worker ant (D:2)
  4 adders
  An ooze (D:1)
  5 worms
  4 dart slugs (D:1)
  A leopard gecko (D:2)
  9 orcs
  A ball python (D:1)
  8 bats
  A giant cockroach (D:1)
  4 goblins
  10 hobgoblins
  A quokka (D:2)
  6 frilled lizards
  5 kobolds
  6 rats
68 creatures vanquished.

Vanquished Creatures (collateral kills)
  An adder (D:2)
1 creature vanquished.

Grand Total: 69 creatures vanquished

Notes
Turn   | Place    | Note
-------+----------+-------------------------------------------
     0 | D:1      | Amnesiac the Deep Elf Wizard began the quest for the Orb.
     0 | D:1      | Reached XP level 1. HP: 10/10 MP: 7/7
    22 | D:1      | Reached skill level 1 in Fighting
   147 | D:1      | Reached XP level 2. HP: 14/16 MP: 0/9
   633 | D:1      | Reached XP level 3. HP: 21/21 MP: 11/11
   637 | D:1      | Learned a level 2 spell: Blink
   641 | D:1      | Learned a level 3 spell: Conjure Flame
   645 | D:1      | Learned a level 3 spell: Mephitic Cloud
   648 | D:1      | Learned a level 2 spell: Call Imp
  1205 | D:2      | Found a shattered altar of Ashenzari.
  1242 | D:2      | Reached XP level 4. HP: 27/27 MP: 12/12
  2096 | D:3      | Found a burning altar of Makhleb.
  2230 | D:3      | Found a hide-covered altar of Uskayaw.
  2284 | D:3      | Reached XP level 5. HP: 32/32 MP: 6/13
  2641 | D:3      | Found an opulent altar of Gozag.
  2642 | D:3      | Found a sparkling altar of Nemelex Xobeh.
  2862 | D:4      | Found a hazy altar of Hepliaklqana.
  2866 | D:4      | HP: 1/32 [orc (4)]
  2867 | D:4      | Gained mutation: You are frail. (-10% HP) [potion of mutation]
  2867 | D:4      | Gained mutation: You are surrounded by a mild repulsion field. (EV +2) [potion of mutation]
  2867 | D:4      | Gained mutation: You do not regenerate when monsters are visible. [potion of mutation]
  2867 | D:4      | Gained mutation: You have a pair of small horns on your head. [potion of mutation]
  2877 | D:4      | Found a white marble altar of Elyvilon.
  2894 | D:4      | Slain by a worker ant

Vault maps used:
D:1:      dpeg_arrival_shelter, minivault_26
D:2:      lemuel_round_altar
D:3:      grunt_temple_overflow_opulence, old_standard_altar,
          lemuel_coloured_pillars_altar, first_bread, kennysheep_generic_room_6
D:4:      lemuel_crystal_altar, lemuel_round_altar, lemuel_round_altar,
          serial_shops, nicolae_shop_crystal, elyvilon_altar_4

Skill      XL: |  1  2  3  4 |
---------------+-------------+-----
Fighting       | 1 2 3 |  3.5
Dodging        | 3 |  3.6
Stealth        | |  2.4
Spellcasting   | |  4.7
Conjurations   | |  1.8
Summonings     | |  1.1
Translocations | |  1.1

Action                   |  1- 3 |  4- 6 || total
-------------------------+-------+-------++-------
Melee: Unarmed           |    13 |       ||    13
       Dagger            |    36 |     7 ||    43
 Fire: Hunting sling     |       |    92 ||    92
 Cast: Magic Dart        |    36 |    41 ||    77
       Mephitic Cloud    |       |     6 ||     6
       Call Imp          |       |     2 ||     2
  Use: Potion            |       |     3 ||     3
       Scroll            |       |     2 ||     2
 Stab: Sleeping          |     6 |     1 ||     7
  Eat: Chunk             |     1 |     5 ||     6
Armor: Robe              |     9 |     4 ||    13
Dodge: Dodged            |    28 |    57 ||    85

Table legend:
 A = Spawn XP
 B = Non-spawn XP
 C = Spawn XP percentage of total XP
 D = Spawn monster count
 E = Non-spawn monster count
 F = Spawn count percentage of total count
 G = Total turns spent on level
                    A         B        C        D         E        F      G
               +---------+---------+-------+---------+---------+-------+---------
         Total |       0 |     269 |   0.0 |       0 |      69 |   0.0 |  2894
               +---------+---------+-------+---------+---------+-------+---------
           D:1 |       0 |      51 |   0.0 |       0 |      24 |   0.0 |   941
           D:2 |       0 |     119 |   0.0 |       0 |      22 |   0.0 |  1060
           D:3 |       0 |      84 |   0.0 |       0 |      18 |   0.0 |   796
           D:4 |       0 |      15 |   0.0 |       0 |       5 |   0.0 |    97
               +---------+---------+-------+---------+---------+-------+---------
